 Dungeon Crawl Stone Soup version 0.30.1-3-gfc49f6343a (webtiles) character file.

Game seed: 5442845649127997830

391 Kranky the Stinger (level 6, -8/53 HPs)
             Began as a Gnoll Wanderer on July 30, 2023.
             Mangled by an ogre
             ... wielding a +0 giant spiked club
              (20 damage)
             ... on level 4 of the Dungeon.
             The game lasted 00:12:56 (3723 turns).

Kranky the Stinger (Gnoll Wanderer)                 Turns: 3723, Time: 00:12:57

Health: -8/53      AC: 12    Str: 13    XL:     6   Next: 80%
Magic:  14/14      EV: 10    Int: 14    God:
Gold:   256        SH:  0    Dex:  9    Spells: 13/15 levels left

rFire   . . .        l - +2 dagger (venom)
rCold   . . .        (no shield)
rNeg    . . .        j - +0 ring mail
rPois   .            k - +0 helmet
rElec   .            q - +0 cloak
rCorr   .            o - +1 pair of gloves
SInv    .            t - +2 pair of boots
Will    .....        (no amulet)
Stlth   +            (no ring)
HPRegen 0.28/turn    (no ring)
MPRegen 0.14/turn

%: no passive effects
@: no status effects
A: fangs 1, strong nose, distributed training
a: no special abilities


You were on level 4 of the Dungeon.
You visited 1 branch of the dungeon, and saw 5 of its levels.

You collected 256 gold pieces.

Inventory:

Hand Weapons
 a - a +0 club
 l - a +2 dagger of venom (weapon)
Armour
 c - a +0 scale mail
 j - a +0 ring mail (worn)
 k - a +0 helmet (worn)
 o - a +1 pair of gloves (worn)
 q - a +0 cloak (worn)
 t - a +2 pair of boots (worn)
Magical Staves
 w - a staff of air
Jewellery
 u - a ring of magical power
 A - an amulet of faith
 B - a ring of flight
Wands
 y - a wand of polymorph (9)
Scrolls
 b - 3 scrolls of fear
 e - 2 scrolls of immolation {unknown}
 h - 2 scrolls of identify {unknown}
 s - 2 scrolls of fog {unknown}
 x - 2 scrolls of amnesia {unknown}
 C - a scroll of blinking
 E - a scroll of teleportation {unknown}
 F - a scroll of poison {unknown}
Potions
 d - a potion of attraction
 f - a potion of ambrosia {unknown}
 g - 2 potions of brilliance {unknown}
 i - a potion of lignification {unknown}
 m - 2 potions of magic {unknown}
 n - a potion of heal wounds
 p - a potion of cancellation {unknown}
 r - a potion of degeneration {unknown}
 v - a potion of resistance {unknown}
 z - a potion of might {unknown}
 D - a potion of haste {unknown}


   Skills:
 + Level 6.9 Fighting
 + Level 2.2 Short Blades
 + Level 2.2 Long Blades
 + Level 2.2 Axes
 + Level 2.2 Maces & Flails
 + Level 2.2 Polearms
 + Level 2.2 Staves
 + Level 2.2 Ranged Weapons
 + Level 2.2 Throwing
 + Level 2.2 Armour
 + Level 2.2 Dodging
 + Level 2.2 Stealth
 + Level 2.2 Shields
 + Level 2.2 Unarmed Combat
 + Level 5.4 Spellcasting
 + Level 1.7 Conjurations
 + Level 1.7 Hexes
 + Level 1.7 Summonings
 + Level 1.7 Necromancy
 + Level 2.8 Translocations
 + Level 1.7 Transmutations
 + Level 1.7 Fire Magic
 + Level 1.7 Ice Magic
 + Level 1.7 Air Magic
 + Level 1.7 Earth Magic
 + Level 7.3 Poison Magic
 + Level 2.4 Invocations
 + Level 2.2 Evocations


You had 13 spell levels left.
You knew the following spells:

 Your Spells              Type           Power      Damage    Failure   Level
a - Sting                 Tmut/Pois      64%        1d6       5%          1
b - Apportation           Tloc           22%        N/A       11%         1

Your spell library contained the following spells:

 Spells                   Type           Power      Damage    Failure   Level
 Cigotuvi's Dreadful Rot  Necr/Pois/Air  28%        N/A       12%         2
 Ignite Poison            Fire/Tmut/Pois 14%        N/A       24%         3
 Mephitic Cloud           Conj/Pois/Air  14%        N/A       24%         3
 Ensorcelled Hibernation  Hex/Ice        16%        N/A       26%         2
 Passwall                 Tmut/Erth      6%         N/A       26%         2
 Gell's Gravitas          Tloc           11%        N/A       32%         3
 Vhi's Electric Charge    Tloc/Air       20%        N/A       38%         3
 Swiftness                Air            8%         N/A       45%         3
 Arcjolt                  Conj/Air       4%         1d14      99%         5
 Freezing Cloud           Conj/Ice/Air   4%         6-21      99%         5
 Plasma Beam              Fire/Air       4%         2x1d15    100%        6


Dungeon Overview and Level Annotations

Branches:
Dungeon (5/15)
 Temple: D:4-7

Altars:

Annotations:
D:3 2 transporters


Innate Abilities, Weirdness & Mutations

You have very sharp teeth.
Your uncanny sense of smell can sniff out nearby items.
Your experience applies equally to all skills.


Message History

Things that are here:
a +0 giant club; an ogre corpse The ogre attacks as you move away!
The ogre closely misses you.
The ogre looks more healthy.
There is a stone staircase leading up here.
You climb upwards.
Level annotation: 2 transporters
There is a stone staircase leading down here.
You start resting.
HP restored.
Partly explored, unvisited transporter.
Search for what [Enter for "."]? .
There is an open door here.
There is an open door here.
There is an escape hatch in the floor, spattered with blood here.
There is an open door here.
There is an open door here.
There is a stone staircase leading down here.
You climb downwards.
The ogre completely misses you.
There is a stone staircase leading up here.
You hit the ogre.
The ogre is poisoned.
The ogre is lightly wounded.
The ogre hits you with a +0 giant spiked club!
You hit the ogre but do no damage.
The ogre looks as sick as possible!
The ogre is lightly wounded.
The ogre completely misses you.
You closely miss the ogre.
The ogre is moderately wounded.
You hit the ogre.
The ogre looks as sick as possible!
The ogre is heavily wounded.
The ogre hits you with a +0 giant spiked club!!
Ouch! That really hurt!
* * * LOW HITPOINT WARNING * * *
You are too injured to fight recklessly!
You are too injured to fight recklessly!
You barely miss the ogre.
The ogre is heavily wounded.
The ogre attacks as you move away!
The ogre hits you with a +0 giant spiked club!!
You die...

....##.# #.# ..#.##.# #.#
.......# #.# ..#.######
#.# .##......# #.#
########.# #.# #### #.#
#.# ...# #.# ##########.#
##.# #)## #O@........#
##.#####..# #.##.##.####
#...#.###.#####.##.##.####
....)#...................#
#...#.###.#####.##.##.##.#
##.#### #.# #.##.##.##.#
##.#### #.# #.......##.#
......# #.#
####.#####.###### ......#
#.# #............#


You could see an ogre (extremely poisoned).

Vanquished Creatures
  An ogre (D:4)
  Blork the orc (D:4)
  A hound (D:4)
  A jelly (D:4)
  Ijyb (D:4)
  3 gnolls (D:4)
  6 adders
  A worm (D:2)
  2 dart slugs
  3 orcs
  An endoplasm (D:1)
  3 giant cockroaches
  9 goblins
  9 hobgoblins
  2 jackals (D:3)
  5 kobolds
  A quokka (D:2)
  9 ball pythons
  5 bats
  3 frilled lizards
  6 rats
73 creatures vanquished.

Notes
Turn   | Place    | Note
-------+----------+-------------------------------------------
     0 | D:1      | Kranky the Gnoll Wanderer began the quest for the Orb.
     0 | D:1      | Kranky set off with the following items: a +0 club, a
                  | scroll of fear, a +0 robe, a potion of attraction; and the
                  | following spells available to memorise: Sting, Apportation,
                  | Cigotuvi's Dreadful Rot, Mephitic Cloud, Gell's Gravitas.
     0 | D:1      | Reached XP level 1. HP: 23/23 MP: 6/6
     2 | D:1      | Learned a level 1 spell: Sting
     4 | D:1      | Learned a level 1 spell: Apportation
   169 | D:1      | Reached XP level 2. HP: 29/29 MP: 5/7
   828 | D:2      | Reached skill level 5 in Spellcasting
   828 | D:2      | Reached XP level 3. HP: 35/35 MP: 3/9
  1151 | D:2      | Reached skill level 1 in Invocations
  1269 | D:2      | Reached skill level 1 in Short Blades
  1269 | D:2      | Reached skill level 1 in Long Blades
  1269 | D:2      | Reached skill level 1 in Axes
  1269 | D:2      | Reached skill level 1 in Maces & Flails
  1269 | D:2      | Reached skill level 1 in Polearms
  1269 | D:2      | Reached skill level 1 in Staves
  1269 | D:2      | Reached skill level 1 in Ranged Weapons
  1269 | D:2      | Reached skill level 1 in Throwing
  1269 | D:2      | Reached skill level 1 in Armour
  1269 | D:2      | Reached skill level 1 in Dodging
  1269 | D:2      | Reached skill level 1 in Stealth
  1269 | D:2      | Reached skill level 1 in Shields
  1269 | D:2      | Reached skill level 1 in Unarmed Combat
  1269 | D:2      | Reached skill level 1 in Evocations
  1840 | D:3      | Found a transporter.
  1855 | D:3      | Reached XP level 4. HP: 41/41 MP: 9/11
  2030 | D:3      | Reached skill level 1 in Conjurations
  2030 | D:3      | Reached skill level 1 in Hexes
  2030 | D:3      | Reached skill level 1 in Summonings
  2030 | D:3      | Reached skill level 1 in Necromancy
  2030 | D:3      | Reached skill level 1 in Transmutations
  2030 | D:3      | Reached skill level 1 in Fire Magic
  2030 | D:3      | Reached skill level 1 in Ice Magic
  2030 | D:3      | Reached skill level 1 in Air Magic
  2030 | D:3      | Reached skill level 1 in Earth Magic
  2045 | D:3      | Found a transporter.
  2056 | D:3      | Noticed a kobold brigand
  2550 | D:4      | Noticed Ijyb
  2572 | D:4      | Killed Ijyb
  2665 | D:4      | Reached XP level 5. HP: 47/47 MP: 10/12
  2946 | D:4      | Noticed Blork the orc
  2957 | D:4      | Killed Blork the orc
  2958 | D:4      | Reached XP level 6. HP: 46/53 MP: 11/14
  3388 | D:5      | Entered Level 5 of the Dungeon
  3723 | D:4      | Mangled by an ogre

Illustrated notes

Levels and vault maps discovered:
D:1:      dpeg_arrival_rooms_with_view, layout_basic
D:2:      layout_rooms
D:3:      layout_basic, gammafunk_ghost_abyssal_escape
D:4:      layout_loops_ring, uniq_ijyb, uniq_blork_the_orc
D:5:      nicolae_BIG_FREAKIN_CUBE, layout_rooms, glass_columns_a,
          dk_vineyard_3, hangedman_decor_growths, uniq_sigmund

Skill      XL: |  1  2  3  4  5  6 |
---------------+-------------------+-----
Translocations | 2 |  2.8
Spellcasting   | 5 |  5.4
Invocations    | 1 2 |  2.4
Short Blades   | 1 2 |  2.2
Long Blades    | 1 2 |  2.2
Axes           | 1 2 |  2.2
Maces & Flails | 1 2 |  2.2
Polearms       | 1 2 |  2.2
Staves         | 1 2 |  2.2
Ranged Weapons | 1 2 |  2.2
Throwing       | 1 2 |  2.2
Armour         | 1 2 |  2.2
Dodging        | 1 2 |  2.2
Stealth        | 1 2 |  2.2
Shields        | 1 2 |  2.2
Unarmed Combat | 1 2 |  2.2
Evocations     | 1 2 |  2.2
Conjurations   | 1 |  1.7
Hexes          | 1 |  1.7
Summonings     | 1 |  1.7
Necromancy     | 1 |  1.7
Transmutations | 1 |  1.7
Fire Magic     | 1 |  1.7
Ice Magic      | 1 |  1.7
Air Magic      | 1 |  1.7
Earth Magic    | 1 |  1.7
Fighting       | |  6.9
Poison Magic   | |  7.3

Action                     |  1- 3 |  4- 6 || total
---------------------------+-------+-------++-------
  Melee: Club              |     5 |       ||     5
         Bite              |     8 |    10 ||    18
         Dagger            |    57 |   113 ||   170
         Punch             |     1 |     1 ||     2
   Cast: Sting             |    52 |    32 ||    84
 Armour: Robe              |     3 |       ||     3
         Ring mail         |    29 |    33 ||    62
  Dodge: Dodged            |    32 |    61 ||    93
